 Dungeon Crawl Stone Soup version 0.18.1-48-g4cf74bf (webtiles) character file.

379 mobinator the Chopper (level 6, 0/55 HPs)
             Began as a Hill Orc Fighter on Aug 24, 2016.
             Killed by miscasting Bolt of Magma (12 damage)
             ... on level 8 of the Dungeon.
             The game lasted 00:45:12 (1781 turns).

mobinator the Chopper (Hill Orc Fighter)            Turns: 1781, Time: 00:45:12

Health: 0/55       AC:  6    Str: 18 (20) XL:     6   Next: 74%
Magic:  1/6        EV:  9    Int:  8      God:
Gold:   83         SH:  9    Dex:  8 (11) Spells: 1 memorised, 0 levels left

rFire  . . .     SeeInvis .     a - +0 war axe
rCold  . . .     Gourm    .     r - +3 leather armour
rNeg   . . .     Faith    .     c - +0 shield
rPois  .         Spirit   .     (no helmet)
rElec  .         Dismiss  .     (no cloak)
rCorr  +         Reflect  .     (no gloves)
SustAt .         Harm     .     (no boots)
MR     .....                    (no amulet)
Stlth  +.........               (no ring)
                                x - ring of resist corrosion

@: very slightly contaminated, not resistant to hostile enchantments, very
unstealthy
A: no striking features
a: no special abilities


You were on level 8 of the Dungeon.
You were not hungry.

You visited 1 branch of the dungeon, and saw 8 of its levels.

You collected 83 gold pieces.

Inventory:

Hand Weapons
 a - a +0 war axe (weapon)
 h - a +0 dagger
 j - a +0 hunting sling
 n - a +2 dagger of venom
 p - a +0 hand axe {elbereth}
 u - a +0 hunting sling
Missiles
 e - 137 stones (quivered)
 i - 11 sling bullets
Armour
 b - a +0 scale mail
 c - a +0 shield (worn)
 g - a +0 ring mail
 m - a +0 chain mail
 r - a +3 leather armour (worn)
 v - a +0 robe
Jewellery
 x - a ring of resist corrosion (left hand)
Wands
 y - a wand of lightning (0/15)
Scrolls
 f - a scroll of magic mapping {unknown}
Potions
 d - a potion of might
 w - a potion of degeneration
Books
 l - the Guide on the Mountains
   (You found it on level 7 of the Dungeon)

   Spells                             Type                      Level
   a - Stone Arrow                    Conjuration/Earth            3
   b - Bolt of Magma                  Conjuration/Fire/Earth       5
   c - Lee's Rapid Deconstruction     Earth                        5
   d - Iron Shot                      Conjuration/Earth            6
Comestibles
 o - a beef jerky


   Skills:
 + Level 4.8 Fighting
 + Level 4.8 Axes
 + Level 0.6 Slings
 + Level 4.5 Armour
 + Level 1.9 Dodging
 + Level 0.6 Stealth
 + Level 4.6 Shields
 + Level 0.2 Evocations


You couldn't memorise any spells.
You knew the following spells:

 Your Spells              Type           Power        Failure   Level  Hunger
a - Bolt of Magma         Conj/Fire/Erth #.........   100%        5    ######.


Dungeon Overview and Level Annotations

Branches:
Dungeon (8/15)
 Temple: D:4-7         Lair: D:8-11

Altars:
Gozag


Message History

Aim: a hippogriff You hear a mighty clap of thunder!
The bolt of lightning hits the hippogriff.
The hippogriff is lightly wounded.
Evoking this partially-identified wand wasted a few charges.
You hear a shout!
The hippogriff bites you.
* * * LOW HITPOINT WARNING * * *
The hippogriff pecks you but does no damage.
You block the hippogriff's attack.
Casting: Bolt of Magma
Confirm with . or Enter, or press ? or * to list all spells.
The spell is very dangerous to cast!
Continue anyway?
Aiming: Bolt of Magma
Press: ? - help, Shift-Dir - straight line, f/p - hippogriff
Aim: a hippogriff (lightly wounded)
You miscast Bolt of Magma.
You are very lightly contaminated with residual magic.
Rocks fall onto you out of nowhere!
You die...

.. #############...
#................
#................
#................
####....$(.....W....
....................
........(.@.........
.........(H.........
......)....(........
....###+###(........
#### #..)......
#.<.......
####+#.... .... ...


You could see a hippogriff and a hungry ghost.

Vanquished Creatures
  A black bear (D:7)
  A centaur (D:8)
  A crimson imp (D:5)
  A jelly (D:8)
  An orc wizard (D:7)
  5 adders
  A shadow imp (D:6)
  An ooze (D:3)
  A worm (D:2)
  2 dart slugs
  7 orcs
  3 bats
  3 giant cockroaches
  4 goblins
  5 hobgoblins
  3 kobolds
  3 giant newts (D:1)
  17 rats
60 creatures vanquished.

Notes
Turn   | Place    | Note
--------------------------------------------------------------
     0 | D:1      | mobinator the Hill Orc Fighter began the quest for the Orb.
     0 | D:1      | Reached XP level 1. HP: 19/19 MP: 1/1
    37 | D:1      | Reached XP level 2. HP: 18/27 MP: 2/2
   405 | D:1      | Reached XP level 3. HP: 32/33 MP: 3/3
   622 | D:2      | Found an opulent altar of Gozag.
   760 | D:2      | Reached XP level 4. HP: 35/40 MP: 4/4
  1012 | D:4      | Reached skill level 1 in Dodging
  1045 | D:5      | Entered Level 5 of the Dungeon
  1053 | D:5      | Reached XP level 5. HP: 27/46 MP: 5/5
  1122 | D:7      | Noticed a black bear
  1137 | D:7      | Killed a black bear
  1137 | D:7      | Reached XP level 6. HP: 11/53 MP: 6/6
  1140 | D:7      | Identified the Guide on the Mountains
  1308 | D:7      | Learned a level 5 spell: Bolt of Magma
  1453 | D:8      | HP: 2/53 [poisoned by an orc]
  1768 | D:8      | Noticed a hippogriff
  1777 | D:8      | Noticed a hungry ghost
  1781 | D:8      | Killed by miscasting Bolt of Magma

Skill      XL: |  1  2  3  4  5 |
---------------+----------------+-----
Axes           | 3 4 |  4.8
Fighting       | 4 |  4.8
Dodging        | 1 |  1.9
Shields        | 4 |  4.6
Armour         | 4 |  4.5
Slings         | |  0.6
Stealth        | |  0.6
Evocations     | |  0.2

Action                   |  1- 3 |  4- 6 || total
-------------------------+-------+-------++-------
Melee: War axe           |   113 |   107 ||   220
 Fire: Hunting sling     |       |    14 ||    14
Throw: Stone             |     5 |       ||     5
Evoke: Wand              |       |     5 ||     5
  Use: Scroll            |     1 |     4 ||     5
       Potion            |       |     4 ||     4
  Eat: Chunk             |       |     1 ||     1
       Bread ration      |       |     1 ||     1
       Beef jerky        |       |     1 ||     1
Armor: Scale mail        |    43 |       ||    43
       Ring mail         |    18 |    18 ||    36
       Leather armour    |       |    23 ||    23
Dodge: Dodged            |    46 |    40 ||    86
Block: Shield            |    62 |    69 ||   131
